 Dungeon Crawl Stone Soup version 0.16.1-51-g6203257 (webtiles) character file.

89 Miyamura the Ruffian (level 4, -1/36 HPs)
             Began as a Draconian Transmuter on July 15, 2015.
             Slain by Grinder (11 damage)
             ... while paralysed by Grinder
             ... on level 3 of the Dungeon.
             The game lasted 00:06:26 (2129 turns).

Miyamura the Ruffian (Draconian Transmuter)         Turns: 2129, Time: 00:06:26

Health: -1/36      AC:  5    Str: 13    XL:     4   Next: 31%
Magic:  2/8        EV:  2    Int: 14    God:
Gold:   86         SH:  0    Dex: 11    Spells: 2 memorised, 3 levels left

rFire  . . .     SeeInvis .       - Unarmed
rCold  . . .     Clarity  .     (armour unavailable)
rNeg   . . .     SustAb   .     (no shield)
rPois  .         Gourm    .     (helmet restricted)
rElec  .         Spirit   .     (no cloak)
rCorr  .         Warding  .     (no gloves)
rMut   .         Stasis   .     (no boots)
MR     .....                    (no amulet)
Stlth  +.........               (no ring)
                                (no ring)

@: paralysed, very slightly contaminated, not resistant to hostile enchantments,
very unstealthy
A: unfitting armour, cold-blooded, AC +5
a: no special abilities


You were on level 3 of the Dungeon.
You were hungry.

You visited 1 branch of the dungeon, and saw 3 of its levels.

You collected 86 gold pieces.

Inventory:

Missiles
 g - 7 curare-tipped needles
Scrolls
 b - a scroll of blinking
 e - 7 scrolls of remove curse
Books
 d - a book of Changes

   Spells                             Type                      Level
   a - Beastly Appendage              Transmutation                1
   b - Sticks to Snakes               Transmutation                2
   c - Spider Form                    Transmutation/Poison         3
   d - Ice Form                       Ice/Transmutation            4
   e - Blade Hands                    Transmutation                5
Comestibles
 a - 2 bread rations
 h - a meat ration


   Skills:
 + Level 2.1 Fighting
 + Level 2.6 Dodging
 + Level 3.5 Unarmed Combat
 + Level 2.3 Spellcasting
 + Level 2.6 Transmutations


You had 3 spell levels left.
You knew the following spells:

 Your Spells              Type           Power        Failure   Level  Hunger
a - Beastly Appendage     Trmt           #.....       10%         1    #......
b - Spider Form           Trmt/Pois      #.........   47%         3    ###....


Dungeon Overview and Level Annotations

Branches:
Dungeon (3/15)

Altars:
Dithmenos
Fedhas
Xom

Annotations:
D:3 Grinder


Innate Abilities, Weirdness & Mutations

Your plain brown scales are hard (AC +5).
Your body does not fit into most forms of armour.
Your cold-blooded metabolism reacts poorly to cold.


Message History

Grinder gestures.
Grinder blinks!
You are too injured to fight recklessly!
You are too injured to fight recklessly!
You aren't carrying any potions.
Unknown command.
Casting: Spider Form
Confirm with . or Enter, or press ? or * to list all spells.
You don't have enough magic to cast that spell.
Unknown command.
Grinder gestures.
Grinder blinks!
Grinder gestures at you. You resist with significant effort.
You hit Grinder.
Grinder is almost dead.
Grinder gestures at you.
You suddenly lose the ability to move!
Grinder hits you!
You die...

#..........#.#
#..........#.#
#..........#.#
#..........#.#
#..........#.#
##########.#.####.
#.......#..#.#
#.###...#..#.#
##..#@.#.#
#..#.5#.#
##.#..#.# #.#.<#.#
#>...#.# #......#
########


You could see Grinder.

Vanquished Creatures
  4 adders (D:2)
  A giant mite (D:2)
  A worm (D:2)
  3 giant geckos
  An ooze (D:2)
  A ball python (D:2)
  2 giant cockroaches (D:1)
  A goblin (D:2)
  2 hobgoblins (D:2)
  4 bats (D:2)
  5 giant newts (D:2)
  5 jackals (D:2)
  5 kobolds
  8 rats
43 creatures vanquished.

Notes
Turn   | Place    | Note
--------------------------------------------------------------
     0 | D:1      | Miyamura, the Draconian Transmuter, began the quest for the Orb.
     0 | D:1      | Reached XP level 1. HP: 16/16 MP: 3/3
   452 | D:1      | Reached XP level 2. HP: 23/23 MP: 4/4
   745 | D:2      | Found a blossoming altar of Fedhas.
   748 | D:2      | Found a shimmering altar of Xom.
   749 | D:2      | Found a shadowy altar of Dithmenos.
  1245 | D:2      | Reached XP level 3. HP: 28/28 MP: 6/6
  1639 | D:2      | Reached XP level 4. HP: 36/36 MP: 6/8
  1650 | D:2      | Learned a level 3 spell: Spider Form
  2077 | D:3      | Noticed Grinder
  2116 | D:3      | Paralysed by Grinder for 7 turns
  2128 | D:3      | Paralysed by Grinder for 4 turns
  2129 | D:3      | Slain by Grinder

Action                   |  1- 3 |  4- 6 || total
-------------------------+-------+-------++-------
Melee: Unarmed           |   134 |    35 ||   169
 Cast: Beastly Appendage |    12 |       ||    12
       Spider Form       |       |     4 ||     4
  Use: Scroll            |     6 |       ||     6
       Potion            |     1 |     1 ||     2
  Eat: Chunk             |     3 |     1 ||     4
